 Dungeon Crawl Stone Soup version 0.32-a0-172-gc5dd13f2a7 (webtiles) character file.

Game seed: 18203009224320175485

458 retardedninja the Firebug (level 7, 0/40 HPs)
             Began as a Gargoyle Fire Elementalist on Feb 12, 2024.
             Was an Initiate of Vehumet.
             Slain by Duvessa
             ... wielding a +0 short sword
              (4 damage)
             ... on level 4 of the Dungeon.
             The game lasted 00:07:48 (3907 turns).

retardedninja the Firebug (GrFE)                    Turns: 3907, Time: 00:07:48

Health: 0/40       AC:  9    Str: 12    XL:     7   Next: 6%
Magic:  0/12       EV: 12    Int: 17    God:    Vehumet [......]
Gold:   123        SH:  0    Dex:  8    Spells: 10/13 levels left

rFire   . . .        p - +2 quarterstaff (chaos)
rCold   . . .        (shield currently unavailable)
rNeg    + . .        a - +0 robe
rPois   ∞            i - +0 helmet
rElec   +            o - +1 cloak {rPois}
rCorr   .            (no gloves)
SInv    .            (no boots)
Will    .....        e - amulet "Valleq" {Acrobat rElec rPois Regen+ Dex-2}
Stlth   ++           (no ring)
HPRegen 1.06/turn    (no ring)
MPRegen 0.13/turn

%: acrobat
@: mighty, very slightly contaminated, hasted, very quick
A: sickness immunity, AC +4, negative energy resistance 1, electricity
resistance, torment resistance 1, petrification resistance
a: Renounce Religion


You were on level 4 of the Dungeon.
You worshipped Vehumet.
Vehumet was noncommittal.
You visited 2 branches of the dungeon, and saw 5 of its levels.

You collected 123 gold pieces.

Inventory:

Hand Weapons
 p - a +2 quarterstaff of chaos (weapon)
Armour
 a - a +0 robe (worn)
 i - a +0 helmet (worn)
 o - a +1 cloak of poison resistance (worn)
Jewellery
 e - the amulet "Valleq" (around neck) {Acrobat rElec rPois Regen+ Dex-2}
   (You took it off a goblin on level 3 of the Dungeon)

   [amulet of the acrobat]

   Acrobat:   It increases your evasion while moving and waiting.
   Dex-2:     It affects your dexterity (-2).
   rElec:     It insulates you from electricity.
   rPois:     It protects you from poison Regen+: It increases your rate of
   health regeneration.
Scrolls
 b - a scroll of teleportation {unknown}
 c - a scroll of noise {unknown}
 f - a scroll of identify {unknown}
 g - a scroll of blinking {unknown}
 k - a scroll of poison {unknown}
 l - 3 scrolls of enchant weapon {unknown}
 m - a scroll of silence {unknown}


   Skills:
 + Level 2.9 Fighting
 - Level 2.1 Dodging
 - Level 3.0 Stealth
 + Level 3.6 Spellcasting
 + Level 3.7 Conjurations
 + Level 4.5 Fire Magic


You had 10 spell levels left.
You knew the following spells:

 Your Spells              Type           Power      Damage    Failure   Level
a - Foxfire               Conj/Fire      68%        2x1d7     3%          1
b - Scorch                Fire           36%        2d6       3%          2

Your spell library contained the following spells:

 Spells                   Type           Power      Damage    Failure   Level
 Inner Flame              Hex/Fire       10%        N/A       19%         3
 Volatile Blastmotes      Fire/Tloc      20%        2d11      19%         3
 Flame Wave               Conj/Fire      17%        2d7       30%         4
 Tukima's Dance           Hex            3%         N/A       45%         3
 Iskenderun's Mystic Bla  Conj/Tloc      9%         2d4       58%         4
 Dimensional Bullseye     Hex/Tloc       1%         N/A       86%         4


Dungeon Overview and Level Annotations

Branches:
Dungeon (4/15)             Temple (1/1) D:4

Altars:
Dithmenos
Elyvilon
Gozag
Kikubaaqudgha
Nemelex Xobeh
Qazlal
Sif Muna
Vehumet
Yredelemnul
Zin
The Shining One

Shops:
D:1 (

Annotations:
D:4 Duvessa


Innate Abilities, Weirdness & Mutations

You are immune to sickness and miasma.
Your stone body is resilient. (AC +4)
You are immune to poison.
You resist negative energy. (rN+)
You are resistant to electric shocks. (rElec)
You are resistant to unholy torment.
You are immune to petrification.


Message History

Duvessa attacks as she pursues you! Duvessa hits you but does no damage.
Found a potion of might.
Duvessa attacks as she pursues you! Duvessa hits you with a +0 short sword!
* * * LOW HITPOINT WARNING * * *
Duvessa completely misses you.
It was a potion of curing.
You feel better.
You barely miss Duvessa.
Duvessa is lightly wounded.
Duvessa misses you. Duvessa hits you with a +0 short sword!
Casting: Foxfire (safe; 3% risk of failure)
Press: ? - help, Q - select action, (/) - cycle Dir - look around, f - activate You miscast Foxfire.
You are very lightly contaminated with residual magic.
Nothing appears to happen.
Duvessa hits you with a +0 short sword.
* * * LOW HITPOINT WARNING * * *
You sock Duvessa!
Duvessa is moderately wounded.
Duvessa hits you with a +0 short sword!
* * * LOW HITPOINT WARNING * * *
You bludgeon Duvessa!!
Duvessa looks weaker.
Duvessa is severely wounded.
Duvessa misses you. x2
Casting: Foxfire (safe; 3% risk of failure)
Press: ? - help, Q - select action, (/) - cycle Dir - look around, f - activate You conjure some foxfire!
Duvessa hits you with a +0 short sword.
* * * LOW HITPOINT WARNING * * *
The foxfire hits Duvessa!
Duvessa is almost dead.
The foxfire hits Duvessa.
Duvessa is almost dead.
Duvessa closely misses you.
You closely miss Duvessa.
Duvessa is almost dead.
Duvessa hits you but does no damage.
You hit Duvessa. You freeze Duvessa.
Duvessa is almost dead.
Duvessa hits you with a +0 short sword.
You die...

+......#... ..##...
#......#... !..##..
#......#... ♣..⌠#..
##.....†#...
?..##..###
..........[.
..##.....#
.....≈≈≈≈≈..
⌠##......#
...≈≈≈≈≈≈≈≈≈
##.......#
.≈≈≈≈≈≈≈≈≈≈≈
.......@#
≈≈≈≈≈≈≈≈≈≈≈≈
.......e#
≈≈≈≈≈≈...≈≈≈
.#......##
≈≈≈≈≈≈.>.≈≈≈
#.......#
≈≈≈≈≈≈...~≈≈
#.......#
.≈≈≈≈≈≈≈≈~~≈
###.)..##
....≈≈≈≈≈≈≈≈~ ##...#
......≈≈≈≈≈..
#...##..............
#....'...#..........


You could see Duvessa (berserk, weak).

Vanquished Creatures
  Grinder (D:3)
  Dowan (D:4)
  A hound (D:4)
  Crazy Yiuf (D:3)
  Robin (D:3)
  5 adders
  3 dart slugs
  A ribbon worm (D:3)
  5 orcs
  7 bats
  9 endoplasms
  4 giant cockroaches
  10 goblins
  11 hobgoblins
  3 jackals (D:3)
  3 quokkas
  5 ball pythons
  A frilled lizard (D:3)
  4 kobolds
  A rat (D:2)
  A spectral hobgoblin (D:3)
78 creatures vanquished.

Vanquished Creatures (others)
  295 foxfires
295 creatures vanquished.

Grand Total: 373 creatures vanquished

Notes
Turn   | Place    | Note
-------+----------+-------------------------------------------
     0 | D:1      | retardedninja the Gargoyle Fire Elementalist began the
                  | quest for the Orb.
     0 | D:1      | Reached XP level 1. HP: 10/10 MP: 3/3
   160 | D:1      | Found Afrer's Antique Weapon Shop.
   250 | D:1      | Reached XP level 2. HP: 15/15 MP: 0/5
  1138 | D:2      | Reached XP level 3. HP: 19/19 MP: 3/6
  1918 | D:2      | Reached XP level 4. HP: 23/24 MP: 2/7
  2195 | D:3      | Learned a level 2 spell: Scorch
  2334 | D:3      | HP: 1/24 [orc/+0 flail (2)]
  2469 | D:3      | Noticed Grinder
  2538 | D:3      | Paralysed by Grinder for 3 turns
  2544 | D:3      | Paralysed by Grinder for 5 turns
  2559 | D:3      | Killed Grinder
  2560 | D:3      | Reached skill level 4 in Fire Magic
  2560 | D:3      | Reached XP level 5. HP: 13/30 MP: 0/9
  2560 | D:3      | Reached XP level 6. HP: 15/35 MP: 0/10
  2965 | D:3      | Found a faded altar of an unknown god.
  3069 | D:3      | Found a shimmering blue altar of Sif Muna.
  3088 | D:3      | Noticed Robin
  3121 | D:3      | Identified the amulet "Valleq" {Acrobat rElec rPois Regen+
                  | Dex-2}
  3127 | D:3      | Killed Robin
  3371 | D:3      | Found a runed translucent door.
  3372 | D:3      | Noticed Crazy Yiuf
  3598 | D:3      | Paralysed by Crazy Yiuf for 1 turns
  3599 | D:3      | Killed Crazy Yiuf
  3761 | D:4      | Found a staircase to the Ecumenical Temple.
  3797 | Temple   | Entered the Ecumenical Temple
  3817 | Temple   | Became a worshipper of Vehumet
  3877 | D:4      | Noticed Dowan
  3880 | D:4      | Noticed Duvessa
  3882 | D:4      | Killed Dowan
  3883 | D:4      | Reached XP level 7. HP: 40/40 MP: 4/12
  3902 | D:4      | HP: 2/40 [Duvessa/+0 short sword (11)]
  3907 | D:4      | Slain by Duvessa

Illustrated notes

Levels and vault maps discovered:
D:1:      roadster_arrival_rocket_large, layout_basic, serial_shops,
          nicolae_shop_real_fake_doors
D:2:      layout_rooms, kennysheep_generic_room_15
D:3:      layout_basic, nicolae_sif_muna_condensation,
          dreamdust_ecumenical_altar_drowned_temple, uniq_grinder, uniq_robin,
          uniq_crazy_yiuf_cottage
D:4:      layout_gridville, kennysheep_little_box, xom_redecorated,
          kennysheep_mini, temple_pool_b, gup_sewer_entry_pipe,
          hellmonk_ghost_happy_afterlife, uniq_duvessa
Temple:   nicolae_temple_bog_church

Skill      XL: |  1  2  3  4 |
---------------+-------------+-----
Dodging        | 2 |  2.1
Conjurations   | 2 3 |  3.7
Stealth        | 3 |  3.0
Fighting       | 2 |  2.9
Spellcasting   | 3 |  3.6
Fire Magic     | 4 |  4.5

Action                     |  1- 3 |  4- 6 |  7- 9 || total
---------------------------+-------+-------+-------++-------
  Melee: Unarmed           |     5 |       |       ||     5
         Trident           |       |    24 |       ||    24
         Whip              |       |     7 |       ||     7
         Quarterstaff      |       |       |     5 ||     5
   Cast: Foxfire           |   104 |    71 |     2 ||   177
         Scorch            |       |    18 |     1 ||    19
    Use: Potion            |       |     2 |     4 ||     6
 Armour: Robe              |    12 |    61 |    15 ||    88
         Skin              |       |    10 |       ||    10
  Dodge: Dodged            |    17 |    75 |    11 ||   103

Table legend: (Time is in decaauts)
 A = Elapsed time spent in this place.
 B = Non-inter-level travel time spent in this place.
 C = Inter-level travel time spent in this place.
 D = Time resting spent in this place.
 E = Time spent auto-exploring this place.
 F = Levels seen in this place.
 G = Mean time per level.
                   A        B        C        D        E       F      G
               +--------+--------+--------+--------+--------+-----+--------+
         Total |   3915 |   3758 |    157 |    148 |   2845 |   5 |  783.0 |
       Dungeon |   3874 |   3755 |    119 |    148 |   2845 |   4 |  968.5 |
        Temple |     40 |      2 |     38 |      0 |      0 |   1 |   40.0 |
               +--------+--------+--------+--------+--------+-----+--------+

Top non-repeatable levels by time:
     D:3: 1560 daAuts
     D:2: 1078 daAuts
     D:1: 1006 daAuts
     D:4: 229 daAuts
  Temple: 40 daAuts
